[ AOE2 MATCH · #495319975 ]
UnrankedPortuguese vs Sicilians
Player's team · WIN
Rival team · LOSS
[ REPLAY ANALYSIS · EXTRACTED FROM THE RECORDED GAME ]
Feudal
9:16
Castle
21:12
Imperial
34:12
| APM avg | 73.9 |
| APM peak | 120 |
| eAPM avg | 39.8 |
| Villagers / military | 163 / 148 |
Focus
⚔️ 45.9% · 🌾 54.1%
Organ Gun ×62 · Spearman ×32 · Archer ×20 · Bombard Cannon ×14 · Scout Cavalry ×7 · Trebuchet (Packed) ×7
Feudal
8:50
Castle
21:12
Imperial
36:25
| APM avg | 62.0 |
| APM peak | 145 |
| eAPM avg | 34.7 |
| Villagers / military | 222 / 156 |
Focus
⚔️ 40.7% · 🌾 59.3%
Knight ×57 · Archer ×47 · Trebuchet (Packed) ×20 · Scout Cavalry ×16 · Scorpion ×6 · Spearman ×5
Match map
Initial resources + every placement click. Lines = walls · curves = elevation contours. ◆ gold · ⬟ stone · ● berries · ✦ relic · ◌ wall gap
Your base· Open — 8t gap
Hannibal's base· ✓ Closed at 21:12 · 21t walls · 2 gate(s)
Smoothed initial terrain · ◌ = detected wall gap · hover for details
Inputs per minute
— LE | Dimo - - Hannibal
Build order — LE | Dimo
First 150 of 533 actions detected
| 0:01 | Create | Villager (Male) |
| 0:01 | Build | House |
| 0:02 | Build | House |
| 0:18 | Create | Villager (Male) |
| 0:19 | Create | Villager (Male) |
| 0:24 | Create | Villager (Male) |
| 1:28 | Create | Villager (Male) |
| 1:28 | Create | Villager (Male) |
| 1:58 | Build | Lumber Camp |
| 2:04 | Create | Villager (Male) |
| 2:19 | Create | Villager (Male) |
| 2:50 | Create | Villager (Male) |
| 3:05 | Create | Villager (Male) |
| 3:05 | Create | Villager (Male) |
| 3:29 | Create | Villager (Male) |
| 3:30 | Create | Villager (Male) |
| 3:58 | Build | House |
| 4:02 | Create | Villager (Male) |
| 4:25 | Create | Villager (Male) |
| 4:55 | Create | Villager (Male) |
| 4:55 | Create | Villager (Male) |
| 4:57 | Build | House |
| 5:04 | Build | Mill |
| 5:06 | Create | Villager (Male) |
| 5:34 | Create | Villager (Male) |
| 5:35 | Research | Loom |
| 6:39 | Create | Villager (Male) |
| 7:05 | Research | Feudal Age |
| 7:05 | Research | Feudal Age |
| 7:14 | Research | Loom |
| 7:37 | Build | Barracks |
| 8:03 | Build | House |
| 8:53 | Build | Palisade Wall |
| 9:16 | Age | Feudal Age |
| 9:16 | Build | House |
| 9:19 | Build | Stable |
| 9:19 | Research | Double-Bit Axe |
| 9:20 | Research | Horse Collar |
| 9:23 | Create | Villager (Male) |
| 9:34 | Build | Palisade Wall |
| 9:36 | Build | Palisade Wall |
| 9:46 | Create | Villager (Male) |
| 9:54 | Build | Farm |
| 10:04 | Create | Spearman |
| 10:07 | Create | Scout Cavalry |
| 10:11 | Create | Villager (Male) |
| 10:15 | Build | Farm |
| 10:17 | Create | Scout Cavalry |
| 10:24 | Create | Villager (Male) |
| 10:26 | Build | Palisade Wall |
| 10:32 | Create | Villager (Male) |
| 10:35 | Build | Farm |
| 10:43 | Build | Farm |
| 10:46 | Create | Villager (Male) |
| 10:50 | Build | Farm |
| 11:03 | Create | Villager (Male) |
| 11:04 | Build | Farm |
| 11:10 | Build | Farm |
| 11:14 | Create | Scout Cavalry |
| 11:26 | Build | Farm |
| 11:40 | Create | Scout Cavalry |
| 11:43 | Build | Farm |
| 11:44 | Build | Farm |
| 11:48 | Create | Villager (Male) |
| 12:00 | Create | Spearman |
| 12:20 | Create | Villager (Male) |
| 12:23 | Build | Farm |
| 12:23 | Create | Villager (Male) |
| 12:25 | Build | Farm |
| 12:36 | Build | Farm |
| 12:44 | Build | House |
| 13:02 | Build | Mining Camp |
| 13:05 | Build | Mining Camp |
| 13:08 | Create | Scout Cavalry |
| 13:12 | Build | House |
| 13:15 | Build | Palisade Wall |
| 13:22 | Create | Scout Cavalry |
| 13:27 | Create | Villager (Male) |
| 13:35 | Create | Spearman |
| 13:51 | Create | Villager (Male) |
| 14:01 | Build | Archery Range |
| 14:04 | Create | Villager (Male) |
| 14:28 | Create | Spearman |
| 14:34 | Build | Palisade Gate |
| 14:37 | Build | House |
| 14:38 | Build | House |
| 14:43 | Create | Villager (Male) |
| 14:45 | Create | Scout Cavalry |
| 14:48 | Research | Bloodlines |
| 14:48 | Research | Bloodlines |
| 14:50 | Build | Palisade Wall |
| 14:53 | Create | Spearman |
| 14:57 | Create | Archer |
| 15:03 | Build | Farm |
| 15:08 | Build | Palisade Wall |
| 15:12 | Create | Archer |
| 15:14 | Create | Villager (Male) |
| 15:21 | Create | Spearman |
| 15:51 | Create | Villager (Male) |
| 15:56 | Create | Archer |
| 16:07 | Create | Villager (Male) |
| 16:08 | Build | Farm |
| 16:11 | Build | Blacksmith |
| 16:22 | Create | Archer |
| 16:29 | Create | Villager (Male) |
| 16:30 | Build | Farm |
| 16:45 | Build | Farm |
| 16:58 | Create | Villager (Male) |
| 17:00 | Build | Farm |
| 17:16 | Build | Farm |
| 17:17 | Create | Archer |
| 17:21 | Research | Fletching |
| 17:28 | Build | Palisade Wall |
| 17:30 | Build | House |
| 17:38 | Create | Villager (Male) |
| 17:42 | Build | Farm |
| 18:10 | Build | Lumber Camp |
| 18:24 | Build | Palisade Wall |
| 18:24 | Build | Palisade Wall |
| 18:32 | Research | Castle Age |
| 18:33 | Research | Castle Age |
| 18:34 | Create | Archer |
| 18:55 | Build | Palisade Wall |
| 18:57 | Build | Palisade Wall |
| 19:04 | Research | Gold Mining |
| 19:04 | Create | Archer |
| 19:08 | Build | Palisade Wall |
| 19:28 | Build | Palisade Wall |
| 19:31 | Research | Forging |
| 19:31 | Research | Forging |
| 19:55 | Create | Archer |
| 20:23 | Create | Archer |
| 20:27 | Create | Spearman |
| 20:30 | Build | House |
| 20:36 | Build | House |
| 20:40 | Build | House |
| 20:48 | Create | Archer |
| 21:09 | Create | Villager (Male) |
| 21:12 | Age | Castle Age |
| 21:14 | Create | Villager (Male) |
| 21:18 | Build | Town Center |
| 21:19 | Research | Bow Saw |
| 21:25 | Build | Town Center |
| 21:32 | Research | Light Cavalry (upgrade) |
| 21:34 | Research | Bodkin Arrow |
| 21:40 | Research | Crossbowman (upgrade) |
| 21:41 | Research | Crossbowman (upgrade) |
| 21:41 | Create | Archer |
| 21:52 | Build | Palisade Wall |
| 21:53 | Build | Palisade Wall |
Build order — Hannibal
First 150 of 582 actions detected
| 0:00 | Create | Villager (Male) |
| 0:01 | Create | Villager (Male) |
| 0:02 | Build | House |
| 0:08 | Create | Villager (Male) |
| 0:09 | Create | Villager (Male) |
| 0:09 | Create | Villager (Male) |
| 1:24 | Create | Villager (Male) |
| 1:37 | Build | House |
| 1:38 | Build | House |
| 1:59 | Create | Villager (Male) |
| 2:22 | Create | Villager (Male) |
| 2:23 | Create | Villager (Male) |
| 2:44 | Build | Lumber Camp |
| 2:48 | Create | Villager (Male) |
| 3:08 | Create | Villager (Male) |
| 3:16 | Create | Villager (Male) |
| 3:16 | Create | Villager (Male) |
| 3:47 | Create | Villager (Male) |
| 4:20 | Create | Villager (Male) |
| 4:34 | Create | Villager (Male) |
| 4:35 | Create | Villager (Male) |
| 5:06 | Build | Palisade Gate |
| 5:14 | Build | Mill |
| 5:34 | Create | Villager (Male) |
| 5:54 | Research | Loom |
| 6:39 | Research | Feudal Age |
| 6:56 | Build | Donjon |
| 7:33 | Build | Lumber Camp |
| 8:24 | Build | House |
| 8:36 | Create | Villager (Male) |
| 8:50 | Age | Feudal Age |
| 8:56 | Build | Stable |
| 8:59 | Create | Villager (Male) |
| 9:29 | Research | Double-Bit Axe |
| 9:37 | Create | Scout Cavalry |
| 9:37 | Create | Scout Cavalry |
| 9:38 | Create | Villager (Male) |
| 9:42 | Build | House |
| 9:46 | Create | Spearman |
| 9:46 | Create | Spearman |
| 9:47 | Create | Villager (Male) |
| 9:54 | Create | Villager (Male) |
| 10:00 | Build | House |
| 10:20 | Create | Scout Cavalry |
| 10:26 | Research | Horse Collar |
| 10:26 | Research | Horse Collar |
| 10:35 | Build | Farm |
| 10:39 | Build | House |
| 10:49 | Create | Villager (Male) |
| 10:49 | Create | Villager (Male) |
| 11:03 | Create | Spearman |
| 11:09 | Build | Farm |
| 11:12 | Create | Villager (Male) |
| 11:16 | Build | House |
| 11:17 | Build | Palisade Wall |
| 11:34 | Build | Farm |
| 11:42 | Create | Villager (Male) |
| 11:47 | Build | House |
| 12:00 | Create | Villager (Male) |
| 12:07 | Create | Scout Cavalry |
| 12:26 | Create | Villager (Male) |
| 12:26 | Create | Villager (Male) |
| 12:32 | Build | Farm |
| 12:34 | Build | Farm |
| 12:39 | Create | Villager (Male) |
| 12:46 | Build | Farm |
| 12:50 | Build | Farm |
| 12:51 | Build | Farm |
| 12:57 | Build | Farm |
| 13:05 | Create | Scout Cavalry |
| 13:15 | Create | Villager (Male) |
| 13:18 | Build | Farm |
| 13:28 | Create | Villager (Male) |
| 13:33 | Build | House |
| 13:35 | Build | Palisade Wall |
| 13:41 | Create | Scout Cavalry |
| 13:41 | Create | Scout Cavalry |
| 13:46 | Build | Farm |
| 13:47 | Create | Villager (Male) |
| 13:47 | Create | Villager (Male) |
| 14:03 | Create | Spearman |
| 14:04 | Create | Spearman |
| 14:07 | Build | Farm |
| 14:17 | Create | Villager (Male) |
| 14:27 | Create | Villager (Male) |
| 14:28 | Create | Scout Cavalry |
| 14:29 | Create | Scout Cavalry |
| 14:37 | Build | Farm |
| 14:41 | Build | Farm |
| 14:51 | Create | Serjeant |
| 14:54 | Build | Farm |
| 14:56 | Create | Villager (Male) |
| 14:57 | Create | Villager (Male) |
| 15:00 | Create | Villager (Male) |
| 15:00 | Create | Villager (Male) |
| 15:11 | Build | Mining Camp |
| 15:24 | Create | Villager (Male) |
| 15:35 | Create | Villager (Male) |
| 15:46 | Build | Farm |
| 15:46 | Build | Farm |
| 15:47 | Build | Farm |
| 15:51 | Create | Villager (Male) |
| 15:52 | Create | Villager (Male) |
| 15:52 | Create | Villager (Male) |
| 16:06 | Build | Farm |
| 16:19 | Create | Villager (Male) |
| 16:21 | Build | House |
| 16:33 | Build | Gate |
| 16:39 | Build | House |
| 16:42 | Research | Wheelbarrow |
| 16:53 | Build | Blacksmith |
| 17:13 | Build | House |
| 17:14 | Build | House |
| 17:26 | Build | Mining Camp |
| 17:38 | Build | House |
| 17:38 | Build | House |
| 17:39 | Build | House |
| 17:41 | Build | Stone Wall |
| 17:54 | Create | Villager (Male) |
| 18:13 | Build | House |
| 18:13 | Build | House |
| 18:13 | Build | House |
| 18:19 | Build | House |
| 18:20 | Build | House |
| 18:27 | Build | House |
| 18:32 | Research | Castle Age |
| 18:33 | Create | Scout Cavalry |
| 18:34 | Create | Scout Cavalry |
| 18:45 | Build | Stable |
| 19:00 | Research | Gold Mining |
| 19:00 | Research | Gold Mining |
| 19:13 | Create | Scout Cavalry |
| 19:38 | Research | Scale Barding Armor |
| 19:52 | Research | Bloodlines |
| 20:31 | Build | Market |
| 20:33 | Build | Stone Wall |
| 21:12 | Age | Castle Age |
| 21:14 | Create | Knight |
| 21:15 | Create | Knight |
| 21:18 | Build | Town Center |
| 21:19 | Create | Villager (Male) |
| 21:28 | Research | Bow Saw |
| 21:29 | Research | Bow Saw |
| 21:31 | Create | Villager (Male) |
| 21:38 | Create | Villager (Male) |
| 21:44 | Create | Villager (Male) |
| 21:45 | Create | Villager (Male) |
| 21:46 | Build | House |
| 21:48 | Create | Villager (Male) |
| 21:49 | Create | Villager (Male) |
Match timeline
| 6:56 | Hannibal · first_building Donjon |
| 7:37 | LE | Dimo · first_building Barracks |
| 8:50 | Hannibal · age_up feudal |
| 8:53 | LE | Dimo · wall_segment Palisade Wall x1 |
| 8:56 | Hannibal · first_building Stable |
| 9:16 | LE | Dimo · age_up feudal |
| 9:19 | LE | Dimo · first_building Stable |
| 9:34 | LE | Dimo · wall_segment Palisade Wall x2 |
| 9:36 | LE | Dimo · wall_segment Palisade Wall x1 |
| 10:26 | LE | Dimo · wall_segment Palisade Wall x1 |
| 11:17 | Hannibal · wall_segment Palisade Wall x2 |
| 13:15 | LE | Dimo · wall_segment Palisade Wall x1 |
| 13:35 | Hannibal · wall_segment Palisade Wall x17 |
| 14:01 | LE | Dimo · first_building Archery Range |
| 14:50 | LE | Dimo · wall_segment Palisade Wall x1 |
| 15:08 | LE | Dimo · wall_segment Palisade Wall x1 |
| 17:28 | LE | Dimo · wall_segment Palisade Wall x1 |
| 17:41 | Hannibal · wall_segment Stone Wall x1 |
| 18:24 | LE | Dimo · wall_segment Palisade Wall x1 |
| 18:24 | LE | Dimo · wall_segment Palisade Wall x1 |
| 18:55 | LE | Dimo · wall_segment Palisade Wall x5 |
| 18:57 | LE | Dimo · wall_segment Palisade Wall x3 |
| 19:08 | LE | Dimo · wall_segment Palisade Wall x13 |
| 19:28 | LE | Dimo · wall_segment Palisade Wall x7 |
| 20:33 | Hannibal · wall_segment Stone Wall x1 |
| 21:12 | Hannibal · age_up castle |
| 21:12 | LE | Dimo · age_up castle |
| 21:52 | LE | Dimo · wall_segment Palisade Wall x3 |
| 21:53 | LE | Dimo · wall_segment Palisade Wall x1 |
| 21:53 | LE | Dimo · wall_segment Palisade Wall x1 |
| 21:57 | Hannibal · first_building Siege Workshop |
| 23:20 | LE | Dimo · first_building Monastery |
| 25:30 | LE | Dimo · wall_segment Palisade Wall x1 |
| 27:00 | Hannibal · first_building Monastery |
| 28:25 | LE | Dimo · wall_segment Stone Wall x1 |
| 29:09 | LE | Dimo · first_building Castle |
| 30:43 | LE | Dimo · first_market_buy 100 stone |
| 30:54 | LE | Dimo · first_market_sell 100 wood |
| 31:43 | LE | Dimo · wall_segment Stone Wall x1 |
| 32:58 | LE | Dimo · wall_segment Stone Wall x1 |
| 33:43 | Hannibal · first_market_buy 100 stone |
| 33:47 | Hannibal · first_building Castle |
| 34:12 | LE | Dimo · age_up imperial |
| 34:27 | Hannibal · first_building Archery Range |
| 36:05 | LE | Dimo · first_building Siege Workshop |
| 36:25 | Hannibal · age_up imperial |
| 46:04 | Hannibal · resign |
[ AI ANALYSIS · 1 CREDIT ]
What really happened in this match?
Wolo.gg analyzes every decision: build order, eco, micro, common mistakes by bracket. Personalized analysis on WhatsApp or Discord in 30 seconds.
Civ guide
Portuguese
Perfil
Dimo